Map: Яганната РВ

Players

ИИ 1 (новичок) - Winner!

  • Race: Terran Terran

MindelVK

  • Race: Protoss Protoss
  • League: Master

VOD

https://youtu.be/0rH9yT5sCVM

Description

Time

  • Played on: May 15, 2021, 3:28 a.m.
  • Length: 7:50
Show
View Real Time Build Order
Export as new Build Order

ИИ 1 (новичок) Terran - Winner!

Build Orders:  

Get SALT Encoding   

  12  0:00  SCV  
  13  0:13  SCV  
  14  0:19  Supply Depot  
  14  0:37  Refinery  
  14  0:42  Barracks  
  14  1:02  Supply Depot  
  14  1:13  SCV  
  15  1:25  SCV  
  16  1:30  Marine  
  17  1:37  SCV  
  18  1:48  Reaper  
  18  1:49  SCV  
  21  2:01  SCV  
  21  2:13  SCV  
  22  2:25  Orbital Command  
  22  4:32  SCV, Marine  
  22  4:33  Refinery  
  22  4:34  Factory  
  22  4:37  Supply Depot  
  24  4:57  SCV  
  23  5:06  Marine  
  24  5:09  SCV  
  24  5:12  Supply Depot  
  24  5:21  SCV  
  23  5:22  Starport  
  23  5:33  SCV  
  25  5:36  Hellion  
  25  5:45  SCV  
  25  5:57  SCV  
  25  6:00  Starport Tech Lab  
  26  6:08  Command Center  
  26  6:09  SCV, Marine  
  28  6:19  Raven  
  28  6:21  SCV  
  31  6:33  SCV  
  32  6:44  Barracks Tech Lab  
  32  7:01  Raven  
  32  7:06  Marauder  
  36  7:15  Supply Depot  
  34  7:21  SCV  
  35  7:28  SCV  
  36  7:31  Refinery  
  36  7:35  SCV, Refinery  
Show
View Real Time Build Order
Export as new Build Order

MindelVK Protoss 

Build Orders: 1 Gate Expand, Phoenix Opening, Colossus Rush 

Get SALT Encoding   

  12  0:00  Probe  
  13  0:12  Probe  
  14  0:18  Pylon  
  14  0:24  Probe (Chrono Boost)  
  15  0:36  Gateway  
  15  0:38  Probe (Chrono Boost)  
  16  0:43  Probe (Chrono Boost)  
  16  0:46  Assimilator  
  17  0:53  Probe  
  18  1:05  Probe  
  19  1:17  Probe  
  20  1:24  Nexus  
  20  1:32  Cybernetics Core  
  20  1:35  Probe  
  21  1:43  Assimilator  
  21  1:47  Probe  
  21  1:52  Pylon  
  22  1:59  Probe (Chrono Boost)  
  23  2:08  Adept (Chrono Boost)  
  23  2:12  Probe (Chrono Boost)  
  26  2:17  Probe (Chrono Boost)  
  26  2:22  Stargate  
  27  2:28  Probe (Chrono Boost)  
  28  2:31  Adept  
  28  2:35  Warp Gate  
  28  2:36  Probe (Chrono Boost)  
  32  2:45  Probe (Chrono Boost)  
  32  2:46  Probe (Chrono Boost)  
  32  2:51  Probe x2 (Chrono Boost)  
  33  2:55  Pylon  
  35  3:01  Adept  
  35  3:03  Probe x2  
  39  3:06  Phoenix (Chrono Boost)  
  41  3:15  Probe  
  41  3:16  Assimilator, Probe  
  41  3:18  Assimilator  
  43  3:23  Phoenix (Chrono Boost)  
  45  3:27  Shield Battery  
  45  3:30  Probe  
  45  3:31  Probe  
  47  3:38  Robotics Facility  
  47  3:42  Probe  
  47  3:45  Gateway  
  47  3:47  Probe (Chrono Boost)  
  49  3:53  Phoenix  
  51  4:00  Probe (Chrono Boost)  
  51  4:01  Probe (Chrono Boost)  
  51  4:02  Pylon  
  53  4:06  Probe (Chrono Boost)  
  54  4:18  Pylon  
  54  4:20  Probe x2  
  56  4:26  Nexus  
  56  4:29  Observer  
  57  4:32  Phoenix  
  57  4:34  Probe  
  57  4:36  Probe  
  61  4:42  Twilight Council  
  61  4:46  Robotics Bay  
  61  4:55  Immortal (Chrono Boost)  
  65  5:02  Probe x2  
  67  5:07  Forge  
  67  5:09  Pylon  
  68  5:14  Probe x2  
  69  5:21  Charge  
  69  5:26  Probe  
  69  5:27  Probe  
  71  5:30  Pylon  
  71  5:32  Colossus (Chrono Boost)  
  77  5:36  Extended Thermal Lance  
  77  5:39  Protoss Ground Weapons Level 1 (Chrono Boost), Probe x2 (Chrono Boost)  
  80  5:43  Probe (Chrono Boost)  
  80  5:48  Probe (Chrono Boost)  
  80  5:49  Probe (Chrono Boost)  
  82  5:52  Probe (Chrono Boost)  
  82  5:53  Probe x2 (Chrono Boost)  
  85  5:57  Gateway  
  85  5:58  Gateway  
  85  6:01  Gateway  
  85  6:09  Sentry  
  85  6:10  Zealot  
  85  6:11  Colossus (Chrono Boost)  
  89  6:13  Probe x2  
  89  6:14  Probe  
  89  6:18  Pylon  
  98  6:21  Pylon  
  98  6:25  Gateway  
  98  6:28  Probe x2  
  98  6:30  Assimilator  
  98  6:31  Assimilator  
  100  6:37  Zealot x2  
  104  6:41  Probe x2  
  104  6:45  Forge  
  104  6:46  Probe  
  107  6:53  Probe x2  
  109  6:56  Zealot, Stalker x2  
  109  7:00  Observer (Chrono Boost)  
  116  7:01  Pylon  
  116  7:03  Pylon  
  116  7:05  Pylon  
  116  7:14  Observer  
  117  7:17  Nexus  
  117  7:18  Pylon  
  117  7:21  Zealot x5  
  129  7:30  Probe x3  
Tags
 
Add a new tag
Caveats
  • Supply blocks, unpowered buildings, or Contaminate may cause inaccurate times.
  • Supply counts are checked every 10 seconds.